Map: Proxima Station LE

Players

Cham

  • Race: Zerg Zerg
  • Spawn Location: 7:00

TRUE - Winner!

  • Race: Zerg Zerg
  • Spawn Location: 1:00

Event: WCS Austin 2017

VOD

Have the link to the VOD?

Description

Time

  • Played on: April 29, 2017, 7:46 p.m.
  • Length: 10:53

All games in this series

Show
View Real Time Build Order
Export as new Build Order

Cham Zerg 

Build Orders: Hatch First 

Get SALT Encoding   

  12  0:00  Drone  
  13  0:09  Drone  
  14  0:17  Overlord  
  15  0:35  Drone  
  15  0:44  Hatchery  
  15  0:48  Drone  
  15  0:52  Drone  
  15  0:56  Drone  
  17  1:00  Drone  
  18  1:09  Extractor  
  17  1:15  Spawning Pool  
  16  1:18  Drone  
  16  1:22  Drone  
  18  1:34  Drone  
  19  1:42  Overlord  
  19  1:53  Drone  
  20  2:02  Queen x2  
  20  2:04  Zergling x2  
  20  2:06  Drone  
  26  2:10  Drone  
  27  2:16  Drone  
  27  2:19  Drone, Spine Crawler  
  28  2:26  Drone, Evolution Chamber  
  28  2:30  Drone  
  29  2:37  Baneling Nest  
  29  2:40  Evolution Chamber  
  27  2:49  Queen  
  29  2:52  Zergling x2  
  30  2:58  Zergling x2  
  30  2:59  Zergling x2  
  30  3:04  Evolution Chamber  
  30  3:05  Evolution Chamber  
  30  3:07  Drone  
  30  3:10  Drone  
  33  3:13  Evolution Chamber  
  33  3:15  Drone x2  
  33  3:16  Drone  
  36  3:20  Roach Warren  
  36  3:29  Lair  
  36  3:31  Extractor  
  36  3:33  Drone  
  36  3:39  Overlord  
  36  3:43  Overlord  
  36  3:49  Overlord  
  36  4:01  Drone x3  
  40  4:02  Drone  
  40  4:03  Drone  
  40  4:06  Queen  
  43  4:12  Drone  
  43  4:14  Drone  
  39  4:25  Zergling x4  
  39  4:27  Baneling x2  
  37  4:39  Nydus Network  
  30  5:01  Overlord  
  30  5:02  Queen  
  30  5:05  Zergling x2  
  30  5:06  Zergling x2  
  34  5:14  Roach  
  33  5:21  Nydus Canal  
  31  5:30  Roach  
  33  5:37  Roach  
  32  5:45  Roach  
  32  5:49  Roach  
  32  5:54  Drone  
  28  6:00  Drone  
  29  6:07  Drone  
  30  6:13  Drone  
  30  6:16  Drone  
  32  6:20  Drone  
  32  6:24  Drone  
  34  6:27  Drone  
  36  6:32  Drone  
  36  6:34  Drone  
  36  6:39  Drone  
  37  6:40  Drone  
  37  6:43  Drone  
  39  6:48  Drone  
  39  6:52  Drone  
  41  6:55  Drone x2  
  41  6:57  Drone  
  44  7:05  Drone x3  
  44  7:08  Drone  
  48  7:11  Drone  
  48  7:13  Overseer  
  49  7:16  Drone  
  49  7:19  Drone  
  49  7:20  Drone  
  52  7:24  Drone  
  52  7:29  Overlord  
  53  7:31  Drone x2, Extractor  
  53  7:36  Roach x2  
  58  7:38  Roach  
  58  7:43  Overlord  
  60  7:46  Overlord  
  60  8:00  Hatchery  
  60  8:03  Roach  
  60  8:04  Drone  
  61  8:07  Roach  
  61  8:11  Drone x2  
  65  8:13  Roach Warren, Roach  
  65  8:14  Ravager x3  
  65  8:15  Ravager  
  65  8:16  Ravager x2  
  72  8:22  Roach, Overlord  
  72  8:25  Overlord  
  74  8:27  Drone  
  74  8:29  Drone  
  74  8:31  Drone  
  77  8:35  Drone x2  
  77  8:36  Drone  
  77  8:37  Drone  
  81  8:44  Drone x2  
  81  8:47  Drone x2  
  85  8:50  Roach  
  85  8:51  Ravager  
  85  8:53  Roach  
  85  8:55  Roach  
  92  9:00  Roach  
  94  9:08  Roach  
  94  9:09  Roach  
  98  9:13  Glial Reconstitution  
  98  9:15  Roach x4  
  106  9:17  Overlord  
  106  9:21  Overlord  
  106  9:22  Extractor  
  105  9:26  Overlord  
  105  9:29  Overlord x2  
  105  9:35  Roach x2  
  105  9:37  Roach x2  
  113  9:42  Overlord x2  
  113  9:43  Roach  
  115  9:51  Roach  
  115  9:52  Overlord  
  113  9:53  Roach x2  
  113  9:55  Roach  
  119  10:00  Roach x2  
  119  10:01  Roach  
  119  10:05  Roach  
  119  10:06  Overlord  
  127  10:09  Roach  
  127  10:12  Roach x3  
  127  10:14  Roach x2  
  139  10:16  Roach  
  139  10:18  Roach  
  143  10:23  Roach x2  
  143  10:28  Roach x2  
  151  10:32  Roach  
  153  10:40  Ravager  
Show
View Real Time Build Order
Export as new Build Order

TRUE Zerg - Winner!

Build Orders: Pool First 

Get SALT Encoding   

  12  0:00  Drone  
  13  0:12  Extractor  
  12  0:25  Spawning Pool  
  11  0:29  Drone  
  11  0:33  Drone  
  13  0:39  Drone  
  14  0:50  Overlord  
  14  1:11  Queen  
  14  1:14  Metabolic Boost  
  16  1:19  Zergling x2  
  16  1:23  Zergling x2  
  18  1:33  Zergling x2  
  19  1:41  Zergling x2  
  20  1:54  Hatchery  
  20  1:58  Zergling x2  
  20  2:03  Zergling x2  
  21  2:09  Overlord  
  21  2:14  Zergling x2  
  22  2:28  Zergling x6  
  25  2:36  Zergling x2  
  26  2:42  Queen  
  28  2:46  Zergling x2  
  29  2:54  Zergling x2  
  29  2:57  Zergling x2  
  29  3:00  Zergling x2  
  29  3:07  Zergling x2  
  29  3:11  Drone  
  29  3:15  Evolution Chamber  
  29  3:16  Drone  
  28  3:21  Drone  
  28  3:26  Drone  
  30  3:31  Drone  
  31  3:37  Drone  
  32  3:41  Drone  
  32  3:45  Drone  
  34  3:49  Drone  
  34  3:54  Overlord  
  35  3:57  Drone  
  36  4:13  Drone x3  
  36  4:14  Drone x3  
  42  4:18  Drone  
  42  4:19  Drone  
  44  4:34  Roach Warren  
  44  4:38  Drone x2  
  41  4:48  Drone x3  
  41  4:49  Overlord  
  43  4:59  Zergling x6  
  43  5:03  Extractor  
  43  5:06  Zergling x4  
  44  5:07  Overlord  
  44  5:08  Zergling x8  
  48  5:15  Roach  
  48  5:17  Roach  
  52  5:24  Spine Crawler  
  52  5:25  Roach  
  51  5:29  Roach  
  51  5:30  Roach  
  51  5:32  Roach, Zergling x2  
  51  5:33  Zergling x4, Overlord  
  60  5:40  Zergling x2  
  60  5:42  Zergling x2  
  53  5:51  Roach  
  53  5:52  Roach  
  58  6:03  Drone  
  58  6:04  Drone x5  
  64  6:11  Hatchery  
  63  6:19  Roach x2  
  63  6:20  Overlord  
  63  6:22  Overlord  
  67  6:26  Extractor  
  67  6:31  Overlord  
  66  6:36  Roach  
  65  6:40  Roach x2  
  65  6:42  Roach x4  
  65  6:43  Roach  
  79  6:47  Roach  
  79  6:53  Roach  
  83  6:57  Roach x2  
  83  6:58  Roach  
  83  6:59  Overlord  
  88  7:03  Roach  
  90  7:09  Overlord  
  90  7:14  Roach  
  92  7:19  Roach x3  
  92  7:20  Roach  
  100  7:26  Roach x3  
  100  7:27  Unknown  
  106  7:33  Drone x2  
  106  7:34  Drone  
  109  7:41  Overlord, Zerg Missile Weapons Level 1  
  109  7:48  Drone x2  
  109  7:49  Overlord  
  111  7:52  Lair  
  111  8:03  Drone x6  
  111  8:05  Drone  
  117  8:11  Drone x2  
  117  8:12  Drone x2  
  121  8:15  Drone x2  
  121  8:17  Drone  
  121  8:18  Drone  
  125  8:20  Drone  
  125  8:21  Drone  
  127  8:30  Overlord  
  127  8:38  Extractor  
  127  8:39  Overlord  
  127  8:41  Overlord, Extractor  
  125  8:43  Overlord x3  
  125  8:48  Overlord  
  125  8:49  Queen  
  125  8:51  Glial Reconstitution  
  125  8:55  Drone, Roach  
  128  9:11  Roach x3  
  134  9:18  Roach x6  
  134  9:19  Roach x3  
  152  9:32  Hatchery  
  151  9:40  Ravager  
  151  9:41  Ravager x3, Overlord  
  151  9:42  Roach x3  
  151  9:43  Roach x4  
  151  9:44  Roach x2  
  151  9:45  Roach  
  175  9:49  Roach x2  
  174  9:53  Roach  
  174  9:58  Roach x2  
  178  10:00  Roach  
  178  10:01  Roach  
  178  10:02  Roach  
  184  10:09  Overlord  
  184  10:12  Overlord  
  184  10:14  Overlord  
  184  10:15  Overlord  
  184  10:17  Overlord  
  184  10:21  Overlord  
  184  10:24  Overlord  
Tags
 
Add a new tag
Caveats
  • Supply blocks, unpowered buildings, or Contaminate may cause inaccurate times.
  • Supply counts are checked every 10 seconds.